 Dungeon Crawl Stone Soup version 0.31-a0-222-gefeffbb62a (webtiles) character file.

Game seed: 6578990125794673226

28931 reriks the Nimble (level 13, 0/104 HPs)
             Began as a Barachi Air Elementalist on July 5, 2023.
             Was an Elder of Vehumet.
             Slain by a skyshark (26 damage)
             ... on level 3 of the Lair of Beasts on July 6, 2023.
             The game lasted 00:53:45 (29495 turns).

reriks the Nimble (Barachi Air Elementalist)       Turns: 29495, Time: 00:53:46

Health: 0/104      AC:  7    Str:  7    XL:     13   Next: 42%
Magic:  1/26       EV: 22    Int: 25    God:    Vehumet [****..]
Gold:   915        SH:  0    Dex: 14    Spells: 6/31 levels left

rFire   + . .        a - staff "Ymudoet" {rElec rC+ Will- Int+3 Air}
rCold   . . .        (no shield)
rNeg    . . .        F - +0 robe "Xunak" {+Inv Str-3 Int+3}
rPois   .            (no helmet)
rElec   +            Z - +2 cloak
rCorr   .            s - +1 pair of gloves
SInv    .            (no boots)
Will    .....        l - amulet of faith
Stlth   ++++         L - +5 ring of evasion
HPRegen 0.37/turn    V - ring of fire
MPRegen 0.20/turn

%: faith
@: swift, unable to hop, quick
A: amphibious, slowness 1, strong legs 2, +LOS
a: Hop, Renounce Religion, Evoke Invisibility


You were on level 3 of the Lair of Beasts.
You worshipped Vehumet.
Vehumet was greatly pleased with you.
You visited 3 branches of the dungeon, and saw 15 of its levels.
You also visited: Bailey and Volcano.

You collected 915 gold pieces.

Inventory:

Hand Weapons
 f - a +0 dagger of electrocution
 j - a +2 whip of venom
 r - a +0 dagger of distortion
 G - a +2 longbow of flaming
Missiles
 y - 2 boomerangs of dispersal
Armour
 k - a +2 pair of boots
 s - a +1 pair of gloves (worn)
 z - the +1 pair of boots of the Dropbear {rF- Dex+7 SInv}
   (You acquired it in a bailey)

   Dex:       It affects your dexterity (+7).
   rF:        It makes you vulnerable to fire.
   SInv:      It lets you see invisible.
 F - the +0 robe "Xunak" (worn) {+Inv Str-3 Int+3}
   (You found it in a bailey)

   Str:       It affects your strength (-3).
   Int:       It affects your intelligence (+3).
   +Inv:      It lets you turn invisible.
 M - a +2 pair of boots
 R - the +0 robe of the Pleiades {rPois}
   (You found it on level 10 of the Dungeon)

   rPois:     It protects you from poison.
 X - a scarf of invisibility
 Z - a +2 cloak (worn)
Magical Staves
 a - the staff "Ymudoet" (weapon) {rElec rC+ Will- Int+3 Air}
   (You acquired it in a bailey)

   [staff of air]

   Base accuracy: +5 Base damage: 5 Base attack delay: 1.2 This weapon's minimum
   attack delay (0.6) is reached at skill level 12.
   Int:       It affects your intelligence (+3).
   rC:        It protects you from cold.
   rElec:     It insulates you from electricity.
   Air:       It increases the power of your Air spells.
   Will:      It decreases your willpower.
   It falls into the 'Staves' category.
   It is a one-handed weapon.
Jewellery
 l - an amulet of faith (around neck)
 L - a +5 ring of evasion (left hand)
 N - a ring of flight
 P - a ring of protection from cold
 T - a +6 ring of strength
 V - a ring of fire (right hand)
 Y - a +4 ring of protection
Wands
 p - a wand of flame (4)
 I - a wand of iceblast (23)
 O - a wand of charming (19)
 Q - a wand of mindburst (11)
 W - a wand of polymorph (3)
Scrolls
 c - 7 scrolls of teleportation
 d - a scroll of poison
 g - 5 scrolls of vulnerability
 h - 4 scrolls of fear
 i - 2 scrolls of noise
 n - 2 scrolls of silence
 t - 2 scrolls of blinking
 x - 6 scrolls of identify
 A - 2 scrolls of fog
 B - 2 scrolls of summoning {unknown}
 C - 2 scrolls of enchant armour
 K - a scroll of amnesia {unknown}
Potions
 b - a potion of magic
 e - 2 potions of enlightenment {unknown}
 m - 3 potions of degeneration {unknown}
 o - 4 potions of brilliance {unknown}
 q - a potion of might {unknown}
 u - 2 potions of curing
 v - 2 potions of mutation {unknown}
 w - 3 potions of invisibility {unknown}
 D - 2 potions of haste {unknown}
 E - 2 potions of resistance
 H - 2 potions of lignification {unknown}
 J - 4 potions of heal wounds {unknown}
 S - a potion of ambrosia {unknown}
 U - a potion of berserk rage {unknown}


   Skills:
 - Level 10.3 Fighting
 + Level 10.5 Dodging
 - Level 9.0 Stealth
 + Level 9.6 Spellcasting
 + Level 10.0 Conjurations
 + Level 0.5 Fire Magic
 - Level 9.9 Air Magic
 * Level 5.9 Earth Magic


You had 6 spell levels left.
You knew the following spells:

 Your Spells              Type           Power      Damage    Failure   Level
a - Shock                 Conj/Air       100%       1d9       1%          1
b - Static Discharge      Conj/Air       100%       2-7/arc   1%          2
c - Swiftness             Air            75%        N/A       1%          3
d - Sandblast             Erth           82%        2d17      1%          1
e - Stone Arrow           Conj/Erth      100%       3d13      1%          3
f - Airstrike             Air            37%        2d(6-22)  1%          4
g - Passwall              Tmut/Erth      21%        N/A       2%          2
h - Olgreb's Toxic Radia  Pois           12%        N/A       13%         4
i - Fireball              Conj/Fire      27%        3d12      4%          5

Your spell library contained the following spells:

 Spells                   Type           Power      Damage    Failure   Level
 Summon Lightning Spire   Summ/Air       53%        N/A       7%          4
 Silence                  Hex/Air        26%        N/A       19%         5
 Passage of Golubria      Tloc           12%        N/A       45%         4
 Lehudib's Crystal Spear  Conj/Erth      25%        10d7      95%         8


Dungeon Overview and Level Annotations

Branches:
Dungeon (10/15)            Temple (1/1) D:7            Lair (4/5) D:10
  Swamp (0/4) Lair:3        Snake (0/4) Lair:3       Bailey (visited)
Volcano (visited)
  Slime: Lair:4-5       Orc: D:9-12

Altars:
Cheibriados
Dithmenos
Elyvilon
Fedhas
Gozag
Kikubaaqudgha
Makhleb
Nemelex Xobeh
Okawaru
Qazlal
Ru
Sif Muna
Trog
Uskayaw
Vehumet
Wu Jian
Xom
Yredelemnul
Zin
The Shining One

Portals:
Abyss: D:5

Annotations:
D:5 2 transporters, innerfire43's ghost, novice DsMo
D:6 1 runed translucent door, knightboat's ghost, novice NaVM


Innate Abilities, Weirdness & Mutations

You are amphibious.
You cover ground slowly.
You can hop long distances.
You have an extended range of vision and can be seen from far away.


Message History

You climb upwards.
There is a stone staircase leading down here.
You barely miss the skyshark.
The skyshark is heavily wounded.
The skyshark bites you!
The skyshark tastes blood and grows stronger!
The skyshark closely misses you. The skyshark tail-slaps you!
Casting: Swiftness (safe; 1% risk of failure)
Confirm with . or Enter, or press ? or * to list all spells.
You don't have enough magic to cast this spell.
Casting: Swiftness (safe; 1% risk of failure)
Confirm with . or Enter, or press ? or * to list all spells.
You don't have enough magic to cast this spell.
Casting: Swiftness (safe; 1% risk of failure)
Confirm with . or Enter, or press ? or * to list all spells.
Aiming: Stone Arrow (safe; 1% risk of failure)
Press: ? - help, Shift-Dir - straight line, f - skyshark
Aim: a skyshark (heavily wounded, strong, 84% to hit)
The stone arrow hits the skyshark!
The skyshark is severely wounded.
The skyshark completely misses you. The skyshark tail-slaps you!
The skyshark misses you.
You hit the skyshark but do no damage.
The skyshark is severely wounded.
The skyshark completely misses you.
The skyshark tail-slaps you but does no damage.
The skyshark barely misses you.
You hit the skyshark but do no damage.
The skyshark is severely wounded.
The skyshark bites you!!
* * * LOW HITPOINT WARNING * * *
The skyshark enters a blood-rage!
The skyshark tail-slaps you but does no damage.
The skyshark tail-slaps you.
* * * LOW HITPOINT WARNING * * *
The skyshark completely misses you. x3
You hit the skyshark but do no damage.
The skyshark is electrocuted.
The skyshark is severely wounded.
The skyshark bites you!!
You die...

######## #####.#.##.#
######### #.........###
##.##.#.###...........#
..<...................##
.......................#
.......................##
.#....P..........l......#
+###............@......##
...###................##
.....#.#........#....##
##S.....#.......##....#
...#....##....#####.P##
.....#...#.#..## #.###
..♣...#....#...# ###
<.....#..+.##..#
..♣......#.##.##


You could see a skyshark (berserk).

Vanquished Creatures
  An orc warlord (Bailey)
  2 hydras
  2 catoblepae
  A boulder beetle (D:9)
  A centaur warrior (D:9)
  Nergalle (Lair:1)
  Amaemon (Lair:2)
  A skyshark (Lair:3)
  An oklob plant (Lair:1)
  A cyclops (D:9)
  A salamander (Lair:3)
  An ugly thing (Lair:1)
  A black mamba (Lair:3)
  An orange demon (Lair:2)
  2 cane toads (Lair:1)
  A rime drake (Lair:1)
  9 komodo dragons
  2 hornets
  2 meliai (D:9)
  2 polar bears
  14 blink frogs
  7 dream sheep (Lair:3)
  Prince Ribbit (D:7)
  2 wraiths (D:10)
  11 fire bats
  Grum (D:10)
  5 wyverns
  23 yaks
  3 steam dragons
  A basilisk (D:10)
  A swamp worm (Lair:3)
  A hell hound (D:10)
  7 water moccasins
  A sky beast (D:8)
  7 orc warriors
  2 ice beasts
  2 black bears
  An ogre (D:6)
  A centaur (D:6)
  6 wolves
  2 kobold brigands
  17 bullfrogs
  7 scorpions
  9 wights
  3 howler monkeys (D:9)
  12 lava snakes
  2 hounds (D:5)
  3 orc priests
  3 iguanas
  4 orc wizards
  4 hell rats (Lair:3)
  4 gnolls (D:4)
  9 adders
  A shadow imp (D:7)
  2 white imps
  3 ufetubi
  33 orcs
  5 endoplasms
  3 giant cockroaches
  11 goblins
  9 hobgoblins
  9 jackals
  20 kobolds
  5 quokkas
  7 ball pythons
  10 bats
  2 frilled lizards
  9 rats
  3 fire vortices (D:10)
342 creatures vanquished.

Vanquished Creatures (others)
  An orc (D:9)
1 creature vanquished.

Grand Total: 343 creatures vanquished

Notes
Turn   | Place    | Note
-------+----------+-------------------------------------------
     0 | D:1      | reriks the Barachi Air Elementalist began the quest for the
                  | Orb.
     0 | D:1      | Reached XP level 1. HP: 13/13 MP: 3/3
   502 | D:1      | Reached XP level 2. HP: 19/19 MP: 3/5
   670 | D:1      | Learned a level 2 spell: Static Discharge
  1196 | D:1      | Reached XP level 3. HP: 21/24 MP: 1/6
  1200 | D:1      | Learned a level 3 spell: Swiftness
  1516 | D:2      | Found a faded altar of an unknown god.
  3407 | D:4      | Reached XP level 4. HP: 30/30 MP: 4/8
  3409 | D:4      | Noticed a scorpion
  3526 | D:4      | Noticed a scorpion
  3684 | D:4      | Noticed a scorpion
  4015 | D:4      | Killed a scorpion
  4016 | D:4      | Reached skill level 1 in Fighting
  4016 | D:4      | Reached XP level 5. HP: 28/37 MP: 0/9
  4720 | D:4      | Reached XP level 6. HP: 34/44 MP: 0/10
  5263 | D:4      | Found a burning altar of Makhleb.
  5664 | D:4      | Reached XP level 7. HP: 48/51 MP: 6/12
  5973 | D:4      | Learned a level 1 spell: Sandblast
  5977 | D:4      | Learned a level 3 spell: Stone Arrow
  6327 | D:4      | Found a glowing silver altar of Zin.
  6490 | D:5      | Entered Level 5 of the Dungeon
  6785 | D:5      | Noticed a small abomination
  6983 | D:5      | Found a transporter.
  7006 | D:5      | Found a transporter.
  7397 | D:5      | Found a one-way gate to the infinite horrors of the Abyss.
  7397 | D:5      | Noticed innerfire43's ghost (novice DsMo)
  7658 | D:5      | Learned a level 4 spell: Airstrike
  7696 | D:6      | Reached skill level 5 in Air Magic
  7996 | D:6      | Found a runed translucent door.
  7996 | D:6      | Noticed knightboat's ghost (novice NaVM)
  8032 | D:6      | Found an opulent altar of Gozag.
  8040 | D:6      | Reached XP level 8. HP: 60/60 MP: 8/14
  8580 | D:6      | Reached skill level 1 in Earth Magic
  9106 | D:7      | Found a flagged portal.
  9214 | Bailey   | Entered a bailey
  9218 | Bailey   | Noticed an orc warlord
 10151 | Bailey   | Reached skill level 5 in Dodging
 10943 | Bailey   | Found a runed translucent gate.
 10943 | Bailey   | Found a runed translucent gate.
 10943 | Bailey   | Found a runed translucent gate.
 11312 | Bailey   | Killed an orc warlord
 11313 | Bailey   | Reached skill level 5 in Fighting
 11313 | Bailey   | Reached skill level 5 in Stealth
 11313 | Bailey   | Reached skill level 5 in Spellcasting
 11313 | Bailey   | Reached skill level 5 in Conjurations
 11313 | Bailey   | Reached XP level 9. HP: 63/68 MP: 7/16
 11414 | Bailey   | Identified the +0 robe "Xunak" {+Inv Str-3 Int+3}
 11436 | Bailey   | Acquired the staff "Ymudoet" {rElec rC+ Will- Int+3 Air}
 11438 | Bailey   | Acquired the +1 pair of boots of the Dropbear {rF- Dex+7
                  | SInv}
 11700 | D:7      | Found a staircase to the Ecumenical Temple.
 11763 | Temple   | Entered the Ecumenical Temple
 11775 | Temple   | Became a worshipper of Vehumet
 11800 | D:7      | Noticed Prince Ribbit
 11802 | D:7      | Killed Prince Ribbit
 11932 | D:7      | Found a stormy altar of Qazlal.
 12368 | D:7      | Found a glowing golden altar of the Shining One.
 13133 | D:8      | Reached XP level 10. HP: 76/76 MP: 9/18
 13421 | D:8      | Learned a level 2 spell: Passwall
 13855 | D:8      | Found a sacrificial altar of Ru.
 13856 | D:8      | Found a hide-covered altar of Uskayaw.
 14229 | D:8      | Reached * piety under Vehumet
 14229 | D:8      | Offered knowledge of Kiss of Death by Vehumet.
 14376 | D:9      | Noticed a seven-headed hydra
 14379 | D:9      | Killed a seven-headed hydra
 14479 | D:9      | Noticed a catoblepas
 14929 | D:9      | Noticed a cyclops
 14932 | D:9      | Killed a cyclops
 15330 | D:9      | Reached XP level 11. HP: 75/84 MP: 8/21
 15628 | D:10     | Entered Level 10 of the Dungeon
 15848 | D:9      | Killed a catoblepas
 16094 | D:9      | Noticed a boulder beetle
 16108 | D:9      | Killed a boulder beetle
 16272 | D:9      | Identified the +2 hand axe "Kathroli" {flame, rN+}
 16305 | D:9      | Noticed a centaur warrior
 16316 | D:9      | Killed a centaur warrior
 16843 | D:9      | Found a sparkling altar of Nemelex Xobeh.
 18784 | D:10     | Identified the +0 robe of the Pleiades {rPois}
 19020 | D:10     | Found a staircase to the Lair.
 19077 | D:10     | Noticed Grum
 19108 | D:10     | Killed Grum
 19233 | D:10     | Reached ** piety under Vehumet
 19233 | D:10     | Offered knowledge of Poisonous Vapours by Vehumet.
 19558 | Lair:1   | Entered Level 1 of the Lair of Beasts
 19737 | Lair:1   | Found a dark tunnel.
 19779 | Volcano  | Entered a volcano
 20235 | Volcano  | Reached XP level 12. HP: 86/94 MP: 16/24
 20349 | Volcano  | Found a burning altar of Makhleb.
 20350 | Volcano  | Noticed a sun demon
 22783 | Lair:1   | Offered knowledge of Momentum Strike by Vehumet.
 23582 | Lair:2   | Noticed Nergalle
 23585 | Lair:2   | Reached *** piety under Vehumet
 24114 | Lair:1   | Killed Nergalle
 24771 | Lair:2   | Reached skill level 10 in Fighting
 25057 | Lair:2   | Noticed Amaemon
 25144 | Lair:2   | Killed Amaemon
 26029 | Lair:3   | Offered knowledge of Olgreb's Toxic Radiance by Vehumet.
 26063 | Lair:3   | Gained mutation: You can hop long distances. [Barachi
                  | growth]
 26063 | Lair:3   | Reached XP level 13. HP: 103/103 MP: 5/26
 26070 | Lair:2   | Learned a level 4 spell: Olgreb's Toxic Radiance
 26393 | Lair:3   | Reached skill level 10 in Dodging
 27619 | Lair:3   | Reached skill level 5 in Earth Magic
 27770 | Lair:3   | Found a staircase to the Swamp.
 28010 | Lair:3   | Reached **** piety under Vehumet
 28232 | Lair:3   | Found a staircase to the Snake Pit.
 29069 | Lair:4   | Offered knowledge of Fireball by Vehumet.
 29076 | Lair:4   | Learned a level 5 spell: Fireball
 29135 | Lair:4   | Reached skill level 10 in Conjurations
 29495 | Lair:3   | Slain by a skyshark

Illustrated notes

Levels and vault maps discovered:
D:1:      minmay_arrival_split_and_join, layout_basic
D:2:      layout_loops_ring, hellmonk_ecumenical_altar_zigzags
D:3:      layout_basic
D:4:      old_forge, layout_basic, demons_altar, zin_scriptorium
D:5:      layout_basic, gammafunk_ghost_abyssal_escape
D:6:      layout_layer_cave, nicolae_gozag_cash_rules_everything_around_me,
          gammafunk_ghost_grave, supply_closet_lemuel
D:7:      layout_loops_ring, nicolae_qazlal_general_emergency, tso_oasis_becter,
          minmay_temple_entry_glass, enter_bailey_3,
          chequers_serial_rivers_micro_c, grunt_ministairs_8, fountainhead,
          uniq_prince_ribbit1
D:8:      layout_rooms, nicolae_overflow_two_pavilions
D:9:      minmay_tri_box, layout_basic, kennysheep_mini_moat
D:10:     layout_big_octagon, david_lair_generic, hangedman_incinerator,
          uniq_grum
Temple:   nicolae_temple_ecumenical_triangle
Lair:1:   layout_long_grid, nicolae_volcano_entry_lava_flow,
          minmay_lair_oklob_items, beast_lair_carwin_11, grunt_megastairs_1,
          infiniplex_staircase_pool_2
Lair:2:   layout_cave_pods, uniq_amaemon, uniq_nergalle
Lair:3:   layout_gridlike, minmay_swamp_entry_worms,
          nicolae_snake_entry_warm_welcome, serial_bayou_shore_b,
          grunt_megastairs_2
Lair:4:   layout_long_grid, minmay_slime_entry_pillars, disabler_island,
          grunt_megastairs_5

Skill      XL: |  1  2  3  4  5  6  7  8  9 10 11 12 13 |
---------------+----------------------------------------+-----
Stealth        | 2 3 4 5 6 7 9 |  9.0
Conjurations   | 2 3 5 7 8 9 10 | 10.0
Fighting       | 1 2 3 5 6 7 8 10 | 10.3
Dodging        | 3 4 5 6 7 8 9 10 | 10.5
Air Magic      | 4 5 6 7 8 9 |  9.9
Spellcasting   | 3 4 5 6 8 9 |  9.6
Earth Magic    | 2 3 5 |  5.9
Fire Magic     | |  0.5

Action                     |  1- 3 |  4- 6 |  7- 9 | 10-12 | 13-15 || total
---------------------------+-------+-------+-------+-------+-------++-------
  Melee: Unarmed           |     7 |       |       |       |       ||     7
         Dagger            |    18 |       |       |       |       ||    18
         Whip              |       |    29 |    17 |       |       ||    46
         Punch             |       |     1 |       |     1 |     1 ||     3
         Staff             |       |       |       |    69 |     5 ||    74
   Cast: Shock             |   113 |    92 |   165 |   191 |    38 ||   599
         Static Discharge  |       |    20 |    15 |     3 |       ||    38
         Swiftness         |       |     1 |     3 |     2 |     2 ||     8
         Stone Arrow       |       |       |     8 |   114 |    68 ||   190
         Airstrike         |       |       |    41 |   168 |    21 ||   230
         Passwall          |       |       |       |     1 |       ||     1
         Fireball          |       |       |       |       |     5 ||     5
Ability: Hop               |     1 |     3 |     2 |     4 |     5 ||    15
  Evoke: Wand              |       |       |    13 |       |       ||    13
    Use: Scroll            |     4 |       |     7 |     5 |       ||    16
         Potion            |       |       |     2 |     3 |       ||     5
 Armour: Robe              |     8 |    14 |    15 |    28 |     5 ||    70
  Dodge: Dodged            |    42 |    42 |    45 |   271 |    59 ||   459

Table legend: (Time is in decaauts)
 A = Elapsed time spent in this place.
 B = Non-inter-level travel time spent in this place.
 C = Inter-level travel time spent in this place.
 D = Time resting spent in this place.
 E = Time spent auto-exploring this place.
 F = Levels seen in this place.
 G = Mean time per level.
                   A        B        C        D        E       F      G
               +--------+--------+--------+--------+--------+-----+--------+
         Total |  31447 |  30402 |   1045 |  17674 |   8741 |  17 | 1849.8 |
       Dungeon |  19169 |  18307 |    862 |   9879 |   6237 |  10 | 1916.9 |
        Temple |     25 |     16 |      9 |      0 |      3 |   1 |   25.0 |
          Lair |   9325 |   9153 |    172 |   5744 |   2258 |   4 | 2331.2 |
        Bailey |   2325 |   2325 |      0 |   1650 |    242 |   1 | 2325.0 |
       Volcano |    601 |    601 |      0 |    401 |      0 |   1 |  601.0 |
               +--------+--------+--------+--------+--------+-----+--------+

Top non-repeatable levels by time:
  Lair:2: 3267 daAuts
     D:9: 3133 daAuts
     D:4: 2856 daAuts
    D:10: 2756 daAuts
  Lair:1: 2630 daAuts
  Lair:3: 2624 daAuts
  Bailey: 2325 daAuts
     D:7: 1630 daAuts
     D:1: 1571 daAuts
     D:5: 1540 daAuts
     D:8: 1471 daAuts
     D:2: 1456 daAuts
     D:6: 1441 daAuts
     D:3: 1310 daAuts
  Lair:4: 802 daAuts
